 Dungeon Crawl Stone Soup version 0.17-a0-1763-g847a857 (webtiles) character file.

333 Psiweapon the Chucker (level 6, -4/61 HPs)
             Began as an Ogre Hunter on Sept 4, 2015.
             Slain by an ogre
             ... wielding a +0 giant spiked club
              (16 damage)
             ... on level 4 of the Dungeon.
             The game lasted 00:11:34 (2937 turns).

Psiweapon the Chucker (Ogre Hunter)                 Turns: 2937, Time: 00:11:34

Health: -4/61      AC:  3    Str: 18    XL:     6   Next: 53%
Magic:  6/6        EV: 11    Int: 10    God:
Gold:   77         SH:  0    Dex: 12    Spells: 0 memorised, 5 levels left

rFire  . . .     SeeInvis .     B - +0 halberd
rCold  . . .     Clarity  .     d - +0 robe
rNeg   . . .     SustAt   .     (no shield)
rPois  .         Gourm    .     (helmet restricted)
rElec  .         Spirit   .     (no cloak)
rCorr  .         Warding  .     (gloves unavailable)
rMut   .         Stasis   .     (boots unavailable)
MR     .....                    (no amulet)
Stlth  ++........               (no ring)
                                (no ring)

@: very slightly contaminated, not resistant to hostile enchantments, unstealthy
A: unfitting armour, tough skin 1
a: no special abilities


You were on level 4 of the Dungeon.
You were hungry.

You visited 1 branch of the dungeon, and saw 4 of its levels.

You collected 77 gold pieces.

Inventory:

Hand weapons
 c - a +0 short sword
 n - a +0 spear
 t - a +0 whip
 x - a +0 hunting sling
 B - a +0 halberd (weapon)
Missiles
 b - 2 throwing nets (quivered)
 f - 205 stones
 o - 11 bolts
 q - 12 steel bolts
 z - 19 sling bullets
Armour
 d - a +0 robe (worn)
Scrolls
 h - a scroll of amnesia {unknown}
 j - 3 scrolls of remove curse {unknown}
 k - 6 scrolls of identify {unknown}
 l - 2 scrolls of teleportation {unknown}
 s - 4 scrolls of fog {unknown}
 u - a scroll of blinking {unknown}
 v - a scroll of immolation {unknown}
Potions
 m - a potion of cancellation {unknown}
 p - a potion of haste {unknown}
 r - a potion of curing
Books
 y - a book of Beasts

   Spells                             Type                      Level
   a - Summon Butterflies             Summoning                    1
   b - Call Canine Familiar           Summoning                    3
   c - Summon Ice Beast               Ice/Summoning                4
   d - Summon Mana Viper              Hexes/Summoning              5
   e - Summon Hydra                   Summoning                    7
Comestibles
 e - a bread ration
 g - 3 chunks of flesh
 i - a meat ration
 A - 5 fruits


   Skills:
 - Level 3.5 Fighting
 + Level 3.1 Maces & Flails
 + Level 5.9 Throwing
 + Level 3.3 Dodging
 + Level 2.4 Stealth


You had 5 spell levels left.
You didn't know any spells.

Dungeon Overview and Level Annotations

Branches:
Dungeon (4/15)
 Temple: D:4-7

Altars:
Ru


Innate Abilities, Weirdness & Mutations

You are too large for most types of armour.
You have tough skin (AC +1).


Message History

You closely miss the orc.
You are feeling hungry.
The orc closely misses you. The orc barely misses you.
You puncture the orc!
You kill the orc!
You see here a trident.
You flicker back into view.
The ogre shouts!
A jelly comes into view.
The jelly quivers.
The ogre barely misses you.
You barely miss the ogre. The ogre completely misses you.
You slash the ogre!
The ogre is moderately wounded.
The ogre closely misses you.
Some of the chunks of flesh in your inventory have rotted away.
You slash the ogre!
The ogre is severely wounded.
The ogre hits you with a giant spiked club!
You die...

#.## #.#. ##
#... .#
###.#.##.#
.........#
.......######
# #..........
#. #..@OJ.....
#. #...######.
###.##...# #.
#.....)).# #.
#.#...#..#
#.#+#.###$#..#
#.....# #.#<.#
#.....# #)#..#
#####.....#
#(#..#


You could see an ogre and a jelly.

Vanquished Creatures
  Sigmund (D:3)
  An orc wizard (D:4)
  Terence (D:3)
  3 adders
  An ooze (D:1)
  3 worms (D:2)
  3 giant geckos
  9 orcs
  2 giant cockroaches
  6 goblins
  13 hobgoblins
  3 jackals (D:1)
  4 kobolds
  A quokka (D:3)
  6 bats
  A giant cockroach zombie (D:3)
  4 giant newts
  5 rats
67 creatures vanquished.

Notes
Turn   | Place    | Note
--------------------------------------------------------------
     0 | D:1      | Psiweapon the Ogre Hunter began the quest for the Orb.
     0 | D:1      | Reached XP level 1. HP: 22/22 MP: 1/1
   171 | D:1      | Reached XP level 2. HP: 21/29 MP: 2/2
   624 | D:1      | Reached XP level 3. HP: 29/37 MP: 3/3
  1217 | D:2      | Reached skill level 1 in Stealth
  1276 | D:2      | Found a faded altar to an unknown god.
  1283 | D:2      | Reached skill level 5 in Throwing
  1414 | D:2      | Reached skill level 1 in Maces & Flails
  1414 | D:2      | Reached XP level 4. HP: 45/45 MP: 4/4
  1955 | D:3      | Found a sacrificial altar of Ru.
  2402 | D:3      | Noticed Sigmund
  2412 | D:3      | Killed Sigmund
  2412 | D:3      | Reached XP level 5. HP: 32/53 MP: 5/5
  2412 | D:3      | Reached XP level 6. HP: 36/61 MP: 6/6
  2717 | D:3      | Noticed Terence
  2728 | D:3      | Killed Terence
  2937 | D:4      | Slain by an ogre

Vault maps used:
D:1:      minmay_arrival_shattered_statue
D:2:      ecumenical_altar_2, grunt_ministairs_6
D:3:      lemuel_round_altar, uniq_terence, uniq_sigmund
D:4:      minmay_misc_feat_cross, uniq_duvessa

Action                   |  1- 3 |  4- 6 || total
-------------------------+-------+-------++-------
Melee: Short sword       |    22 |       ||    22
       Spear             |    42 |       ||    42
       Whip              |    11 |    41 ||    52
       Halberd           |       |    22 ||    22
 Fire: Hunting sling     |       |     4 ||     4
Throw: Stone             |    99 |    65 ||   164
       Large rock        |     8 |    15 ||    23
       Throwing net      |       |     1 ||     1
  Use: Potion            |       |     2 ||     2
 Stab: Invisible         |       |     1 ||     1
  Eat: Chunk             |     2 |     3 ||     5
       Fruit             |       |     1 ||     1
